 Dungeon Crawl Stone Soup version 0.23.0-33-g5e6c059 (webtiles) character file.

Game seed: 5875522361520217636

86 Fang the Skirmisher (level 4, 0/29 HPs)
             Began as a Gargoyle Berserker on Feb 26, 2019.
             Was a Believer of Trog.
             Slain by a kobold
             ... wielding a +0 short sword
              (5 damage)
             ... on level 2 of the Dungeon.
             The game lasted 00:01:35 (906 turns).

Fang the Skirmisher (Gargoyle Berserker)             Turns: 906, Time: 00:01:36

Health: 0/29       AC:  5    Str: 21    XL:     4   Next: 50%
Magic:  4/4        EV: 12    Int:  8    God:    Trog [**....]
Gold:   57         SH:  0    Dex:  9    Spells: 3/3 levels left

rFire    . . .     SeeInvis .   a - +0 hand axe
rCold    . . .     Gourm    .   (no shield)
rNeg     + . .     Faith    .   b - +0 animal skin
rPois    ∞         Spirit   .   (no helmet)
rElec    +         Reflect  .   (no cloak)
rCorr    .         Harm     .   (no gloves)
MR       .....                  (no boots)
Stlth    +.........             (no amulet)
HPRegen  0.09/turn              (no ring)
MPRegen  0.09/turn              (no ring)

@: berserk cooldown, slowed, very slow
A: negative energy resistance 1, electricity resistance, unbreathing,
petrification resistance, rot immunity, AC +3
a: Berserk, Trog's Hand, Renounce Religion


You were on level 2 of the Dungeon.
You worshipped Trog.
Trog was pleased with you.
You were hungry.

You visited 1 branch of the dungeon, and saw 2 of its levels.

You collected 57 gold pieces.

Inventory:

Hand Weapons
 a - a +0 hand axe (weapon)
Armour
 b - a +0 animal skin (worn)
Jewellery
 h - an uncursed ring of stealth
Scrolls
 f - a scroll of identify {unknown}
 g - a scroll of fear {unknown}
 i - a scroll of remove curse {unknown}
Potions
 e - a potion of degeneration {unknown}
Comestibles
 c - 5 rations
 d - 12 chunks of flesh


   Skills:
 + Level 4.0 Fighting
 + Level 3.2 Axes
 + Level 3.1 Armour
 + Level 2.3 Dodging


You had 3 spell levels left.
You didn't know any spells.
Your spell library was empty.

Dungeon Overview and Level Annotations

Branches:
Dungeon (2/15)

Altars:


Innate Abilities, Weirdness & Mutations

You are resistant to torment.
Your stone body is resilient. (AC +3)
You are immune to poison.
You resist negative energy. (rN+)
You are resistant to electric shocks. (rElec)
You can survive without breathing.
You are immune to petrification.
You are immune to rotting.


Message History

Trog appreciates your killing of a magic user.
Natasha screams in fury as she dies!
The crimson imp disappears in a puff of smoke!
Your Fighting skill increases to level 4!
You feel a strong urge to attack something.
You feel your anger nearly subside.
You are no longer berserk.
You are exhausted.
You feel yourself slow down.
You see here a stone.
There is an open door here.
You close the door.
A kobold opens the door.
The kobold closely misses you.
The kobold hits you with a +0 short sword.
* * * LOW HITPOINT WARNING * * *
There is an open door here.
You hit the kobold but do no damage.
The kobold hits you but does no damage. x2
You hit the kobold.
The kobold is moderately wounded.
The kobold hits you with a +0 short sword.
You die...

###########
#.........#
#.........########
#.........).......
#.......).########
#.........#########
#.....>............
#..........###....#
##@#.....#.# #....#
#K#####.#.# #....#
#JS.......# #....#
#....)....###
#....#
#............
#....#
#........####
###### #........#
#..........
#...........


You could see an ooze, a ball python and a kobold.

Vanquished Creatures
  An orc wizard (D:2)
  Natasha (D:2)
  A worm (D:2)
  2 orcs (D:2)
  A giant cockroach (D:1)
  6 goblins
  3 hobgoblins
  6 kobolds
  A quokka (D:2)
  A ball python (D:1)
  A bat (D:1)
  2 frilled lizards (D:1)
  4 rats
30 creatures vanquished.

Notes
Turn   | Place    | Note
-------+----------+-------------------------------------------
     0 | D:1      | Fang the Gargoyle Berserker began the quest for the Orb.
     0 | D:1      | Reached XP level 1. HP: 14/14 MP: 1/1
   148 | D:1      | Reached XP level 2. HP: 14/19 MP: 2/2
   447 | D:2      | HP: 1/28 [worm (7)]
   777 | D:2      | Reached XP level 3. HP: 17/23 MP: 3/3
   811 | D:2      | Reached ** piety under Trog
   866 | D:2      | Reached XP level 4. HP: 29/29 MP: 4/4
   885 | D:2      | Noticed Natasha
   896 | D:2      | Killed Natasha
   896 | D:2      | Reached skill level 4 in Fighting
   906 | D:2      | Slain by a kobold

Skill      XL: |  1  2  3  4 |
---------------+-------------+-----
Axes           | 3 |  3.2
Dodging        | 2 |  2.3
Armour         | 3 |  3.1
Fighting       | 4 |  4.0

Action                   |  1- 3 |  4- 6 || total
-------------------------+-------+-------++-------
Melee: Hand axe          |    74 |    14 ||    88
Invok: Berserk           |     1 |     1 ||     2
  Eat: Chunk             |     1 |       ||     1
Armor: Animal skin       |    16 |     2 ||    18
Dodge: Dodged            |    50 |    10 ||    60
